 Dungeon Crawl Stone Soup version bcrawl-1.28 (webtiles) character file.

Game seed: 12209949444303060703

145605 MisterOstroum the Chopper (level 5, -4/41 HPs)
             Began as a Mummy Wanderer on Nov 21, 2020.
             Slain by an ogre
             ... wielding a +0 giant spiked club
              (13 damage)
             ... on level 3 of the Dungeon.
             The game lasted 00:05:25 (2904 turns).

MisterOstroum the Chopper (Mummy Wanderer)          Turns: 2904, Time: 00:05:25

Health: -4/41      AC: 10    Str: 14    XL:     5   Next: 49%
Magic:  5/5        EV:  9    Int: 11    God:
Gold:   196        SH:  0    Dex: 14    Spells: 4/4 levels left

rFire    x . .     SeeInvis .   v - +0 war axe
rCold    + . .     Gourm    .   (no shield)
rNeg     + + +     Faith    .   p - +2 scale mail
rPois    ∞         Spirit   .   s - +0 helmet
rElec    .         Reflect  .   (no cloak)
rCorr    .         Harm     .   (no gloves)
MR       .....     Clarity  +   k - +0 pair of boots
Stlth    ..........             (no amulet)
HPRegen  0.13/turn              j - ring of positive energy
MPRegen  0.09/turn              (no ring)

@: no status effects
A: no food or potions, fire vulnerability, clarity, cold resistance 1, negative
energy resistance 3, torment resistance, unbreathing
a: no special abilities


You were on level 3 of the Dungeon.
You were not hungry.

You visited 1 branch of the dungeon, and saw 3 of its levels.

You collected 196 gold pieces.

Inventory:

Hand Weapons
 a - a +0 hand axe
 b - a +0 hunting sling
 v - a +0 war axe (weapon)
Missiles
 h - 755 stones (quivered)
 n - 209 sling bullets
Armour
 k - a +0 pair of boots (worn)
 p - a +2 scale mail (worn)
 s - a +0 helmet (worn)
Jewellery
 j - a ring of positive energy (left hand)
 r - an uncursed ring of protection from fire {unknown}
Scrolls
 c - 2 scrolls of teleportation {@r3 !r}
 d - a scroll of immolation
 e - a scroll of identify {@r1}
 f - 4 scrolls of enchant weapon
 g - a scroll of fog {unknown}
 i - a scroll of noise {unknown}
 l - a scroll of enchant armour {unknown}
 m - a scroll of remove curse {@r2}
 o - a scroll of fear {!r}
 q - a scroll of magic mapping {@r5 !r}
 t - a scroll of blinking {unknown}
 u - a scroll of amnesia {unknown}


   Skills:
 + Level 3.6 Fighting
 * Level 4.0(4.1) Axes
   Level 1.0(2.7) Polearms
 - Level 1.5 Armour
 - Level 1.0 Dodging
 - Level 1.1 Stealth
   Level 1.0 Evocations


You had 4 spell levels left.
You didn't know any spells.
Your spell library contained the following spells:

 Spells                   Type           Power        Failure   Level  Hunger
 Summon Small Mammal      Summ           #...         83%         1    N/A
 Call Imp                 Summ           #.....       93%         2    N/A
 Call Canine Familiar     Summ           #.......     99%         3    N/A
 Summon Ice Beast         Ice/Summ       #.......     100%        4    N/A
 Summon Lightning Spire   Summ/Air       #.......     100%        5    N/A

Dungeon Overview and Level Annotations

Branches:
Dungeon (3/12)

Altars:
Hepliaklqana
Qazlal
Uskayaw
Xom
The Shining One


Innate Abilities, Weirdness & Mutations

You do not eat or drink.
Your flesh is vulnerable to fire.
You are immune to poison.
You possess an exceptional clarity of mind.
Your flesh is cold resistant. (rC+)
You are immune to negative energy. (rN+++)
You are immune to unholy pain and torment.
You can survive without breathing.


Message History

The orc is heavily wounded.
Really go through this one-way escape hatch?
A mysterious force pulls you upwards. The hatch slams shut behind you.
There is an open door here.
There is a stone staircase leading down here.
You climb downwards.
There is a stone staircase leading up here.
a - a +0 hand axe (weapon)
The orc shouts!
The orc is too close now for your liking.
b - a +0 hunting sling (weapon)
Firing (i - inventory. (/) - cycle)
n - 215 sling bullets (quivered)
Press: ? - help, Shift-Dir - straight line, f - orc
Aim: an orc, wearing a +0 ring mail and quivering 296 stones You shoot a sling bullet.
The sling bullet hits the orc.
The orc is moderately wounded.
The orc throws a stone.
The stone closely misses you.
Firing (i - inventory. (/) - cycle)
n - 214 sling bullets (quivered)
Press: ? - help, Shift-Dir - straight line, f/p - orc
Aim: an orc, wearing a +0 ring mail and quivering 295 stones (moderately wounded)
You shoot a sling bullet. The sling bullet hits the orc!
You kill the orc!
No target in view!
What are your orders? t - Shout!
Orders for allies: a - Attack new target. r - Retreat! s - Stop attacking. g - Guard the area. f - Follow me.
Anything else - Cancel.
You shout for attention!
What are your orders? t - Shout!
Orders for allies: a - Attack new target. r - Retreat! s - Stop attacking. g - Guard the area. f - Follow me.
Anything else - Cancel.
You shout for attention!
You start waiting.
Done waiting.
There is a stone staircase leading up here.
h - 755 stones (gained 295)
You now have 196 gold pieces (gained 20).
You see here a +0 ring mail.
The ogre is too close now for your liking.
Firing (i - inventory. (/) - cycle)
n - 213 sling bullets (quivered)
Press: ? - help, Shift-Dir - straight line, f - ogre
Aim: an ogre, wielding a +0 giant spiked club (hasn't noticed you)
You shoot a sling bullet. The ogre shouts!
The sling bullet hits the ogre.
The ogre is lightly wounded.
Firing (i - inventory. (/) - cycle)
n - 212 sling bullets (quivered)
Press: ? - help, Shift-Dir - straight line, f/p - ogre
Aim: an ogre, wielding a +0 giant spiked club (lightly wounded)
You shoot a sling bullet. The sling bullet hits the ogre.
The ogre is lightly wounded.
Firing (i - inventory. (/) - cycle)
n - 211 sling bullets (quivered)
Press: ? - help, Shift-Dir - straight line, f/p - ogre
Aim: an ogre, wielding a +0 giant spiked club (lightly wounded)
You shoot a sling bullet. The sling bullet hits the ogre.
The ogre is lightly wounded.
Firing (i - inventory. (/) - cycle)
n - 210 sling bullets (quivered)
Press: ? - help, Shift-Dir - straight line, f/p - ogre
Aim: an ogre, wielding a +0 giant spiked club (lightly wounded)
You shoot a sling bullet.
The sling bullet completely misses the ogre.
a - a +0 hand axe (weapon)
You slash the ogre!
The ogre is heavily wounded.
The ogre hits you with a +0 giant spiked club.
Your scale mail prevents you from hitting the ogre.
The ogre is heavily wounded.
The ogre barely misses you.
You barely miss the ogre.
The ogre is heavily wounded.
The ogre hits you with a +0 giant spiked club.
You slash the ogre!
The ogre is severely wounded.
You hit the ogre.
The ogre is almost dead.
The ogre closely misses you.
You hit the ogre.
The ogre is almost dead.
The ogre hits you with a +0 giant spiked club!!
There is a stone staircase leading up here.
Wield which item (- for none, * to show all)? (? for menu, Esc to quit)
Okay, then.
Wield which item (- for none, * to show all)? (? for menu, Esc to quit)
v - a +0 war axe (weapon)
You barely miss the ogre.
The ogre is heavily wounded.
The ogre barely misses you.
You hit the ogre but do no damage.
The ogre is heavily wounded.
The ogre hits you with a +0 giant spiked club!!
* * * LOW HITPOINT WARNING * * *
You slash the ogre!
The ogre is almost dead.
The ogre hits you with a +0 giant spiked club!
You die...

....)._......# #.####.#.....<...#
##.##...#.##.###...#......<[##.##
#.###.##.##.##.............##.#.
#.###....##.....####.####..#....
#.....######.#..##.....##..#..#.
#####.# ###.#..#.......#.##....
#.####.#....#.......#.##.##.
#......####....._.....##....
######.####@#.......#.#####.
#.....O#.......#.# #.
######.##.....##.#####.
#...####.####.......
#.#...........######
#.##...####..## #.##.....##..#
#.###..#.....# #.###..####.##


You could see an ogre.

Vanquished Creatures
  An orc priest (D:3)
  2 orc wizards (D:3)
  Robin (D:3)
  2 adders (D:3)
  2 worms
  2 dart slugs
  3 leopard geckos (D:1)
  7 orcs (D:3)
  A giant cockroach (D:1)
  12 goblins
  7 hobgoblins
  4 jackals (D:3)
  2 quokkas
  3 ball pythons
  6 bats
  A frilled lizard (D:2)
  6 kobolds
  5 rats
67 creatures vanquished.

Notes
Turn   | Place    | Note
-------+----------+-------------------------------------------
     0 | D:1      | MisterOstroum the Mummy Wanderer began the quest for the
                  | Orb.
     0 | D:1      | MisterOstroum set off with the following items: a +0 hand
                  | axe, a +2 scale mail, a scroll of teleportation {@r3 !r}
     0 | D:1      | Reached XP level 1. HP: 16/16 MP: 1/1
   140 | D:1      | Reached skill level 2 in Axes
   172 | D:1      | Reached XP level 2. HP: 22/22 MP: 2/2
   732 | D:1      | Reached XP level 3. HP: 27/28 MP: 3/3
  1165 | D:2      | Found a shimmering altar of Xom.
  1708 | D:3      | Noticed an ogre
  1817 | D:3      | Found a glowing golden altar of the Shining One.
  1826 | D:3      | Noticed Robin
  1839 | D:3      | Reached skill level 3 in Axes
  1967 | D:3      | Killed Robin
  1967 | D:3      | Reached XP level 4. HP: 20/35 MP: 4/4
  2266 | D:3      | Reached XP level 5. HP: 25/41 MP: 5/5
  2336 | D:3      | Found a stormy altar of Qazlal.
  2458 | D:3      | Found a hazy altar of Hepliaklqana.
  2558 | D:3      | Found a hide-covered altar of Uskayaw.
  2582 | D:3      | Reached skill level 4 in Axes
  2904 | D:3      | Slain by an ogre

Skill      XL: |  1  2  3  4  5 |
---------------+----------------+-----
Axes           | 2 3 4 |  4.0
Fighting       | 3 |  3.6
Polearms       | |  1.0
Armour         | |  1.5
Dodging        | |  1.0
Stealth        | |  1.1
Evocations     | |  1.0

Action                   |  1- 3 |  4- 6 || total
-------------------------+-------+-------++-------
Melee: Hand axe          |   150 |    82 ||   232
       War axe           |       |     3 ||     3
 Fire: Hunting sling     |    16 |    19 ||    35
Throw: Stone             |       |     2 ||     2
  Use: Scroll            |     5 |       ||     5
Armor: Scale mail        |    80 |    46 ||   126
Dodge: Dodged            |    71 |    38 ||   109
